 Dungeon Crawl Stone Soup version 0.18.1-50-g88ac8fd (webtiles) character file.

43 DrChewbacca the Magician (level 3, 0/21 HPs)
             Began as a High Elf Wizard on Sept 19, 2016.
             Succumbed to an adder's poison
             ... on level 4 of the Dungeon.
             The game lasted 00:14:00 (2221 turns).

DrChewbacca the Magician (High Elf Wizard)          Turns: 2221, Time: 00:14:01

Health: 0/21       AC:  2    Str:  6    XL:     3   Next: 37%
Magic:  1/10       EV: 12    Int: 23    God:
Gold:   33         SH:  0    Dex: 13    Spells: 5 memorised, 2 levels left

rFire  . . .     SeeInvis .     f - +1 short sword
rCold  . . .     Gourm    .     j - +0 robe
rNeg   . . .     Faith    .     (no shield)
rPois  .         Spirit   .     b - +0 hat
rElec  .         Dismiss  .     (no cloak)
rCorr  .         Reflect  .     (no gloves)
SustAt .         Harm     .     (no boots)
MR     .....                    (no amulet)
Stlth  ++........               (no ring)
                                (no ring)

@: lethally poisoned (0 -> -6), not resistant to hostile enchantments,
unstealthy
A: no striking features
a: no special abilities


You were on level 4 of the Dungeon.
You were not hungry.

You visited 1 branch of the dungeon, and saw 3 of its levels.

You collected 33 gold pieces.

Inventory:

Hand Weapons
 f - a +1 short sword (weapon)
Armour
 b - a +0 hat (worn)
 j - a +0 robe (worn)
Scrolls
 g - 2 scrolls of identify
Potions
 e - a potion of heal wounds
 h - a potion of flight {unknown}
 m - 2 potions of curing {unknown}
 n - a potion of ambrosia {unknown}
Books
 c - a book of Minor Magic

   Spells                             Type                      Level
   a - Magic Dart                     Conjuration                  1
   b - Blink                          Translocation                2
   c - Call Imp                       Summoning                    2
   d - Repel Missiles                 Charms/Air                   2
   e - Slow                           Hexes                        2
   f - Conjure Flame                  Conjuration/Fire             3
   g - Mephitic Cloud                 Conjuration/Poison/Air       3
Comestibles
 d - 2 bread rations
 l - a chunk of flesh


   Skills:
 - Level 2.3 Dodging
 - Level 2.1 Stealth
 + Level 4.7 Spellcasting
 + Level 1.3 Conjurations
 + Level 1.1 Summonings
 + Level 1.3 Translocations


You had 2 spell levels left.
You knew the following spells:

 Your Spells              Type           Power        Failure   Level  Hunger
a - Magic Dart            Conj           ##..         6%          1    None
b - Blink                 Tloc           N/A          10%         2    None
c - Call Imp              Summ           ##......     12%         2    None
d - Repel Missiles        Chrm/Air       #.....       17%         2    None
e - Slow                  Hex            #.......     17%         2    None


Dungeon Overview and Level Annotations

Branches:
Dungeon (2/15)

Altars:


Message History

The adder closely misses you.
You feel sick. The adder closely misses you.
Your crimson imp disappears in a puff of smoke!
You feel sick. The adder bites you.
Your magical contamination has completely faded away.
The adder bites you.
* * * LOW HITPOINT WARNING * * *
You are more poisoned.
The adder poisons you!
* * * LOW HITPOINT WARNING * * *
You feel sick.
* * * LOW HITPOINT WARNING * * *
You feel sick. The adder bites you but does no damage.
You see here a quarterstaff.
The adder bites you.
* * * LOW HITPOINT WARNING * * *
There is a shaft here.
You fall through a shaft for 2 floors!
The shaft crumbles and collapses.
You die...

###############
...............
#@...# #.....+
#.....#
#.#..... #.
#.#...# #.
...... #.
###.## #. .


There were no monsters in sight!

Vanquished Creatures
  A giant gecko (D:1)
  A giant cockroach (D:1)
  4 goblins (D:1)
  A hobgoblin (D:1)
  2 bats
  A giant newt (D:1)
  4 kobolds (D:1)
  3 rats
17 creatures vanquished.

Vanquished Creatures (collateral kills)
  Natasha (D:2)
  An adder (D:2)
  A worm (D:2)
  A giant gecko (D:1)
  A bat (D:1)
  A goblin (D:1)
  3 kobolds
  A quokka (D:1)
  A rat (D:2)
11 creatures vanquished.

Grand Total: 28 creatures vanquished

Notes
Turn   | Place    | Note
--------------------------------------------------------------
     0 | D:1      | DrChewbacca the High Elf Wizard began the quest for the Orb.
     0 | D:1      | Reached XP level 1. HP: 11/11 MP: 6/6
   354 | D:1      | Reached skill level 4 in Spellcasting
   412 | D:1      | Reached XP level 2. HP: 8/17 MP: 2/8
   416 | D:1      | Learned a level 2 spell: Blink
   419 | D:1      | Learned a level 2 spell: Call Imp
   422 | D:1      | Learned a level 2 spell: Repel Missiles
   425 | D:1      | Learned a level 2 spell: Slow
   660 | D:1      | Reached skill level 1 in Summonings
  2070 | D:2      | Reached XP level 3. HP: 21/21 MP: 8/10
  2134 | D:2      | Noticed Natasha
  2144 | D:2      | Killed Natasha
  2220 | D:2      | HP: 1/21 [adder (3)]
  2221 | D:2      | You fall through a shaft for 2 floors!
  2221 | D:4      | Succumbed to an adder's poison

Skill      XL: |  1  2 |
---------------+-------+-----
Spellcasting   | 4 |  4.7
Summonings     | 1 |  1.1
Dodging        | |  2.3
Stealth        | |  2.1
Conjurations   | |  1.3
Translocations | |  1.3

Action                   || total
-------------------------++-------
Melee: Short sword       ||     6
 Cast: Magic Dart        ||    43
       Call Imp          ||    18
       Blink             ||     9
  Use: Scroll            ||     4
       Potion            ||     1
  Eat: Chunk             ||     2
       Meat ration       ||     1
Armor: Robe              ||     5
Dodge: Dodged            ||    36
